 Dungeon Crawl Stone Soup version 0.32-a0-131-g9dbbe29261 (webtiles) character file.

Game seed: 14517845826616461618

57 kae the Changeling (level 3, -5/27 HPs)
             Began as a Demonspawn Shapeshifter on Feb 8, 2024.
             Splashed by a jelly's acid (8 damage)
             ... on level 4 of the Dungeon.
             The game lasted 00:01:30 (1411 turns).

kae the Changeling (Demonspawn Shapeshifter)        Turns: 1411, Time: 00:01:30

Health: -5/27      AC: -2    Str: 14    XL:     3   Next: 73%
Magic:  3/3        EV: 12    Int: 10    God:
Gold:   81         SH:  0    Dex: 14    Spells: 2/2 levels left

rFire   . .          .
                       - Unarmed
rCold   . . .        (no shield)
rNeg    . . .        a - +0 animal skin
rPois   +            (helmet currently unavailable)
rElec   .            (cloak currently unavailable)
rCorr   .            (gloves currently unavailable)
SInv    .            (boots currently unavailable)
Will    .....        (no amulet)
Stlth   +            P - ring of poison resistance
HPRegen 0.24/turn    (no ring)
MPRegen 0.08/turn

%: no passive effects
@: beast-form, corroded
A: beast (slay +1), powered by death 1
a: Begin Untransformation


You were on level 4 of the Dungeon.
You were a hulking beast.
You visited 1 branch of the dungeon, and saw 3 of its levels.

You collected 81 gold pieces.


Innate Abilities, Weirdness & Mutations

You are a hulking beast.
Your limbs bulge with bestial killing power. (Slay +1)
You regenerate a little health from kills.


   Skills:
 + Level 2.0 Fighting
 - Level 1.7 Dodging
 + Level 3.1 Unarmed Combat
 * Level 3.4 Shapeshifting


You had 2 spell levels left.
You didn't know any spells.
Your spell library contained the following spells:

 Spells                   Type           Power      Damage    Failure   Level
 Necrotise                Necr           0%         1d4       36%         1
 Stone Arrow              Conj/Erth      0%         3d7       75%         3
 Vampiric Draining        Necr           0%         2d6       75%         3
 Animate Armour           Summ/Erth      0%         N/A       98%         4
 Martyr's Knell           Necr/Summ      0%         N/A       98%         4
 Curse of Agony           Necr           0%         N/A       100%        5
 Lehudib's Crystal Spear  Conj/Erth      0%         10d2      100%        8

Inventory:

Missiles
 e - 13 stones (quivered)
Armour
 a - a +0 animal skin (worn)
Jewellery
 P - a ring of poison resistance (left hand)
   (You found it on level 1 of the Dungeon)
Talismans
 c - a beast talisman
 d - a flux talisman
Scrolls
 g - 2 scrolls of teleportation {unknown}
 i - a scroll of summoning
 l - a scroll of identify {unknown}
 n - a scroll of fog {unknown}
Potions
 b - a potion of lignification {!q}
 f - a potion of haste {unknown}
 h - a potion of curing {unknown}
 j - a potion of might {unknown}
 k - 2 potions of cancellation {unknown}
 m - a potion of attraction {unknown}

Dungeon Overview and Level Annotations

Branches:
Dungeon (4/15) Zot: 16595
 Temple: D:4-7

Altars:

Annotations:
D:4 exclusion: ogre

.J.#...#.#.##..##
#.#####
#............##.#
##..... #...#.........#
##.###.#
#.......#.....###.###...
#.ß..#.†....##.#.#####.#
... ##.#..####.........
. #.....# #.########
#J###.# #.# #h# #)# #.#
#.# #.# #.# ... ... ..#
............
#######.###.# #.# #.#
#.#


You could see a jelly.


Message History

😕 HP[-1]
You take 1 damage, and now have 26/27 hp.
You hit the jackal.
You kill the jackal!
You barely miss the jackal.
The jackal barely misses you. x2 😎 HP[+1]
Your hp is fully restored (27).
A jackal is nearby!
You hit the jackal.
You kill the jackal!
No target in view!
A kobold comes into view. It is wielding a +0 dagger.
The kobold shouts!
The kobold throws a stone.
The stone hits you.
A ribbon worm comes into view. 😕 HP[-1]
You take 1 damage, and now have 26/27 hp.
A kobold is nearby!
You closely miss the kobold.
The kobold hits you with a +0 dagger. 😕 HP[-3]
You take 3 damage, and now have 23/27 hp.
You hit the kobold. The kobold hits you with a +0 dagger.
You hit the kobold but do no damage. The kobold barely misses you. 😮 HP[-3]
You take 3 damage, and now have 20/27 hp.
You completely miss the kobold. The kobold hits you with a +0 dagger.
You are too injured to fight recklessly! 😮 HP[-2]
You take 2 damage, and now have 18/27 hp.
You are too injured to fight recklessly!
You are too injured to fight recklessly!
A kobold is nearby!
You are too injured to fight recklessly!
You are too injured to fight recklessly!
A kobold is nearby!
You are too injured to fight recklessly!
You are too injured to fight recklessly!
You hit the kobold.
You kill the kobold!
e - 13 stones (gained 3)
Things that are here:
a +0 dagger; a kobold corpse 😮 HP[+1]
You start resting. 😕 HP[+3]
You regained 3 hp, and now have 22/27 hp.
A ribbon worm is nearby!
n - a scroll labelled PUWIMP GU MOACK 😕 HP[+1]
There are no items here.
You barely miss the ribbon worm. The ribbon worm bites you.
You hit the ribbon worm.
The ribbon worm expels a string of sticky webbing.
The stream of webbing hits you but does no damage.
You are caught in a web!
The web tears apart.
The ribbon worm misses you.
You hit the ribbon worm. You punch the ribbon worm! The ribbon worm bites you.
You are too injured to fight recklessly! 😮 HP[-6]
You take 6 damage, and now have 17/27 hp.
MASSIVE DAMAGE!! (PAUSE)
You hit the ribbon worm. The ribbon worm barely misses you.
You hit the ribbon worm.
The ribbon worm bites you but does no damage.
Unknown command. 😮 HP[+1]
You punch the ribbon worm!
You kill the ribbon worm!
Your Fighting skill increases to level 2! 😮 HP[+1]
An adder comes into view.
You see here a ribbon worm corpse. 😮 HP[+1]
You start resting.
A jelly comes into view. 😕 HP[+1]
A jelly is nearby! 😕 HP[+1]
You start resting.
A jelly is nearby! 😕 HP[+1] 😕 HP[+1]
A jelly is nearby!
The jelly quivers. 😕 HP[+1] 😕 HP[+1]
You hit the jelly.
Your hands burn!
The jelly barely misses you.
You hit the jelly. The acid corrodes you!
Your hands burn!
The jelly hits you.
You are splashed with acid!
* * * LOW HITPOINT WARNING * * *
😨 HP[-19]
You take 19 damage, and now have 7/27 hp.
MASSIVE DAMAGE!! (PAUSE)
You hit the jelly.
Your hands burn!
* * * LOW HITPOINT WARNING * * *
The jelly hits you.
* * * LOW HITPOINT WARNING * * *
You are splashed with acid!
You die...

Skill      XL: |  1  2  3 |
---------------+----------+-----
Shapeshifting  | 3 |  3.4
Unarmed Combat | 3 |  3.1
Fighting       | 2 |  2.0
Dodging        | |  1.7

Action                     || total
---------------------------++-------
  Melee: Unarmed           ||   110
         Punch             ||     1
    Use: Scroll            ||     1
   Stab: Sleeping          ||     6
 Armour: Animal skin       ||    45
  Dodge: Dodged            ||    48

Levels and vault maps discovered:
D:1:      dpeg_arrival_stonehenge_12_columns, layout_basic,
          shapermc_ecumenical_altar_pompeii, chequers_garden,
          minmay_misc_feat_columns, minmay_stone_trees_small,
          minmay_tetromino_i4
D:2:      layout_loops_cross, minmay_misc_feat_x
D:4:      layout_loops_ring, zin_statuary

Notes
Turn   | Place    | Note
-------+----------+-------------------------------------------
     0 | D:1      | kae the Demonspawn Shapeshifter began the quest for the
                  | Orb.
     0 | D:1      | Reached XP level 1. HP: 15/15 MP: 1/1
     0 | D:1      | magus.rc [v1.11.3]
   270 | D:1      | Gained mutation: You regenerate a little health from kills.
                  | [demonic ancestry]
   270 | D:1      | Reached XP level 2. HP: 18/21 MP: 2/2
   276 | D:1      | Reached skill level 3 in Shapeshifting
   650 | D:1      | Found a faded altar of an unknown god.
   809 | D:2      | Reached skill level 3 in Unarmed Combat
   860 | D:2      | You pick up a book of Necromancy and begin reading...
   860 | D:2      | You add the spells Necrotise, Vampiric Draining, Martyr's
                  | Knell and Curse of Agony to your library.
   865 | D:2      | You pick up a book of Armaments and begin reading...
   865 | D:2      | You add the spells Stone Arrow, Animate Armour and
                  | Lehudib's Crystal Spear to your library.
   876 | D:2      | Reached XP level 3. HP: 26/26 MP: 3/3
  1259 | D:2      | You fall into a shaft and drop 2 floors!
  1263 | D:4      | Noticed an ogre
  1381 | D:4      | Reached skill level 2 in Fighting
  1411 | D:4      | HP: 6/27 [acid (1)]
  1411 | D:4      | Splashed by a jelly's acid

Vanquished Creatures
  An adder (D:2)
  A dart slug (D:1)
  2 ribbon worms
  2 endoplasms
  3 giant cockroaches (D:2)
  2 goblins (D:1)
  4 hobgoblins
  3 jackals (D:4)
  6 kobolds
  3 quokkas
  A ball python (D:1)
  3 bats
  4 frilled lizards
  2 rats (D:1)
37 creatures vanquished.

Table legend:
 A = Non-vault XP
 B = Vault XP
 C = Vault XP percentage of total XP
 D = Non-vault monster count
 E = Vault monster count
 F = Vault count percentage of total count
                 A         B        C        D         E       F
            +---------+---------+-------+---------+---------+-------
      Total |      79 |       3 |   3.7 |      35 |       2 |   5.4
            +---------+---------+-------+---------+---------+-------
        D:1 |      28 |       3 |   9.7 |      16 |       2 |  11.1
        D:2 |      39 |       0 |   0.0 |      14 |       0 |   0.0
        D:4 |      12 |       0 |   0.0 |       5 |       0 |   0.0
            +---------+---------+-------+---------+---------+-------

Skill      XL: |  1  2  3 |
---------------+----------+-----
Shapeshifting  | 3 |  3.4
Unarmed Combat | 3 |  3.1
Fighting       | 2 |  2.0
Dodging        | |  1.7

Action                     || total
---------------------------++-------
  Melee: Unarmed           ||   110
         Punch             ||     1
    Use: Scroll            ||     1
   Stab: Sleeping          ||     6
 Armour: Animal skin       ||    45
  Dodge: Dodged            ||    48

Illustrated notes

Table legend:
 A = Kills in this place as a percentage of kills in the entire game.
 B = Kills by you in this place as a percentage of kills by you in the entire game.
 C = Kills by friends in this place as a percentage of kills by friends in the entire game.
 D = Other kills in this place as a percentage of other kills in the entire game.
 E = Experience gained in this place as a percentage of experience gained in the entire game.
 F = Experience gained in this place divided by the number of levels of this place that you have seen.
                   A       B       C       D       E      F
               +-------+-------+-------+-------+-------+----------------------
         Total | 100.0 | 100.0 |   N/A |   N/A | 100.0 |  27.3
       Dungeon | 100.0 | 100.0 |   N/A |   N/A | 100.0 |  27.3
               +-------+-------+-------+-------+-------+----------------------

Table legend: (Time is in decaauts)
 A = Elapsed time spent in this place.
 B = Non-inter-level travel time spent in this place.
 C = Inter-level travel time spent in this place.
 D = Time resting spent in this place.
 E = Time spent auto-exploring this place.
 F = Levels seen in this place.
 G = Mean time per level.
                   A        B        C        D        E       F      G
               +--------+--------+--------+--------+--------+-----+--------+
         Total |   1403 |   1377 |     26 |     71 |   1037 |   3 |  467.7 |
       Dungeon |   1403 |   1377 |     26 |     71 |   1037 |   3 |  467.7 |
               +--------+--------+--------+--------+--------+-----+--------+

Top non-repeatable levels by time:
     D:1: 761 daAuts
     D:2: 492 daAuts
     D:4: 150 daAuts
